tsadok, neutral male gnomish Archeologist M |.| |... |HX- |.|. tsadok the Investigator Experience level: 6 Strength: 18/** Dexterity: 13 Constitution: 16 Intelligence: 14 Wisdom: 13 Charisma: 7 Health: 0(60) Energy: 32(32) Def: 12 Gold: 1153 Moves: 842 Dungeon seed: Pu6Jzq7qXt-7LD5h Game ID: tsadok_1429883528 Your Inventory: Coins $ - 1153 gold pieces Weapons a - an uncursed +2 bullwhip h - an uncursed +0 boomerang (in quiver) i - an uncursed +2 aklys k - an uncursed +0 elven dagger G - an uncursed +0 scimitar Armor e - an uncursed +0 orcish helm n - an uncursed +0 fedora (being worn) Comestibles b - 3 uncursed food rations l - an uncursed fortune cookie z - an uncursed tripe ration C - an uncursed egg E - an uncursed tin of orc meat Scrolls A - a cursed scroll of food detection Potions D - an uncursed potion of fruit juice F - an uncursed potion of see invisible Rings y - an uncursed ring of teleport control B - an uncursed ring of levitation I - an uncursed ring of slow digestion Wands m - an uncursed wand of undead turning (0:7) o - an uncursed wand of magic missile (0:7) p - an uncursed wand of slow monster (0:5) r - an uncursed wand of striking (0:7) s - an uncursed wand of nothing (0:5) u - an uncursed wand of speed monster (0:4) v - an uncursed wand of fire (0:7) w - an uncursed wand of cancellation (0:5) x - an uncursed wand of speed monster (0:7) Tools d - an uncursed tinning kit (0:41) f - an uncursed sack g - an uncursed tin opener q - an uncursed +0 pick-axe (weapon in foreclaw) J - an uncursed magic whistle Gems c - an uncursed touchstone Spells known in the end: Name Level Category Fail Memory Your skills at the end: Fighting Skills Weapon Skills pick-axe [Basic] boomerang [Basic] whip [Basic] Spellcasting Skills Final Attributes: You were devoutly aligned. You were fire resistant. You were cold resistant. You were petrification resistant. You were stealthy. You could survive without air. You could walk through walls. You were permanently polymorphed into a xorn. You could not change from your current form. You were fast. You are dead. Vanquished creatures: a baby green dragon 2 small mimics a flaming sphere a shocking sphere a giant spider a kobold lord a kobold shaman 2 hill orcs a hobbit a jackal a goblin 2 sewer rats 2 grid bugs a kobold zombie a newt 19 creatures vanquished. Voluntary challenges: You followed a strict vegan diet. You used a wielded weapon 21 times, starting on turn 4. You were illiterate. You never genocided any monsters. You never polymorphed an object. You never changed form. You used no wishes. You never split a pudding. You never wrote Elbereth's name. You never violated your personal moral code. Dungeon overview: The Dungeons of Doom: levels 1 to 28 Level 1 a long staircase Level 2 a general store Level 3 a scroll shop Level 4 Level 5 Level 6 a wand shop Level 7 Level 8 Level 9 Level 10 Level 11 a temple to Camaxtli Level 12 Level 13 Level 14 Level 15 Level 16 Level 17 Level 18 a temple to Camaxtli , a fountain Level 19 Level 20 Level 21 Level 22 Level 23 Level 24 an altar to Quetzalcoatl , a fountain Level 25 Level 26 Level 27 Level 28 <- You were here History has recorded: On T:1 you entered the Dungeons of Doom to retrieve the Amulet of Yendor! On T:21 you reached level 2 of The Dungeons of Doom. On T:61 you reached level 3 of The Dungeons of Doom. On T:63 you reached level 4 of The Dungeons of Doom. On T:195 you reached level 5 of The Dungeons of Doom. On T:213 you reached level 6 of The Dungeons of Doom. On T:248 you advanced to experience level 2. On T:251 you advanced to experience level 3. On T:305 you reached level 7 of The Dungeons of Doom. On T:355 you reached level 8 of The Dungeons of Doom. On T:375 you reached level 9 of The Dungeons of Doom. On T:378 you advanced to experience level 4. On T:382 you reached level 10 of The Dungeons of Doom. On T:401 you reached level 11 of The Dungeons of Doom. On T:426 you reached level 12 of The Dungeons of Doom. On T:449 you reached level 13 of The Dungeons of Doom. On T:477 you reached level 14 of The Dungeons of Doom. On T:497 you reached level 15 of The Dungeons of Doom. On T:512 you reached level 16 of The Dungeons of Doom. On T:530 you reached level 17 of The Dungeons of Doom. On T:561 you reached level 18 of The Dungeons of Doom. On T:570 you reached level 19 of The Dungeons of Doom. On T:613 you advanced to experience level 5. On T:671 you reached level 20 of The Dungeons of Doom. On T:689 you reached level 21 of The Dungeons of Doom. On T:706 you reached level 22 of The Dungeons of Doom. On T:725 you reached level 23 of The Dungeons of Doom. On T:746 you reached level 24 of The Dungeons of Doom. On T:793 you reached level 25 of The Dungeons of Doom. On T:810 you reached level 26 of The Dungeons of Doom. On T:825 you advanced to experience level 6. On T:836 you reached level 27 of The Dungeons of Doom. On T:839 you reached The Castle. Score breakdown: Gold: 1153 (10416 points) Experience: 6 levels (12456 points) Exploration: 28 levels ( 57.14%) (22500 points) Discoveries: 3 items ( 1.01%) ( 3010 points) Valuables value: (no points given unless you survive) Artifact value: 0 ( 0 points) Variety of kills: 15 monsters ( 3.96%) ( 5968 points) Time penalty: 842 turns ( 0 points) Survival: died (score multiplied by 80%) Total score: 43480 Latest messages: v - an uncursed iridium wand. p - an uncursed oak wand. x - an uncursed platinum wand. u - an uncursed platinum wand. m - an uncursed tin wand. s - an uncursed uranium wand. The minotaur hits! (2x) The minotaur butts! The sack is empty. The sack is empty. Final status: Goodbye tsadok the Archeologist, killed by a minotaur, while stuck in monster form... You died in The Dungeons of Doom on dungeon level 28 with 43480 points, and 1153 pieces of gold, after 842 moves. You were level 6 with a maximum of 47 hit points when you died.